 Dungeon Sprint DCSS version 0.22-a0-83-g218e7ff (webtiles) character file.

32648 theanonym the Executioner (level 13, -2/142 (144) HPs)
             Began as a Deep Dwarf Gladiator on Jan 19, 2018.
             Was the Champion of Makhleb.
             Slain by a slime creature (5 damage)
             ... while paralysed by a floating eye
             ... in the Dungeon (Sprint V: "Ziggurat Sprint").
             The game lasted 00:07:03 (496 turns).

theanonym the Executioner (Deep Dwarf Gladiator)     Turns: 496, Time: 00:07:04

HP:   -2/142 (144)  AC: 27    Str: 28    XL:     13   Next: 32%
MP:   0/8           EV:  2    Int: 14    God:    Makhleb [******]
Gold: 0             SH:  0    Dex: 14    Spells: 12/12 levels left

rFire    + + +     SeeInvis .   E - +5 executioner's axe
rCold    + + +     Gourm    .   (shield currently unavailable)
rNeg     . . .     Faith    .   F - +5 gold dragon scales {23 rF+ rC+ rPois}
rPois    +         Spirit   .   c - +0 helmet
rElec    +         Reflect  .   J - +0 cloak {MR+} {MR+}
rCorr    +         Harm     .   (no gloves)
MR       ++...     NoTele   +   o - +5 pair of boots "Lige" {rPois rC+}
Stlth    ..........             (no amulet)
HPRegen  0.00/turn              z - +6 ring of strength
MPRegen  0.11/turn              H - ring "Fymou" {rF+ Int+4 Slay+3}

@: confused, paralysed, resistant, corroded, berserk cooldown, non-regenerating,
badly diseased, slowed
A: damage resistance, heal wounds, sense surroundings 2, screaming 1, no
regeneration
a: Heal Wounds, Minor Destruction, Lesser Servant of Makhleb, Major Destruction,
Greater Servant of Makhleb, Renounce Religion


Innate Abilities, Weirdness & Mutations

You are resistant to damage.
You can heal yourself by infusing magical energy.
You passively map the area around you.
You do not regenerate.
You occasionally shout uncontrollably at your foes.


   Skills:
 * Level 17.3 Fighting
 * Level 22.4 Axes
 - Level 1.7 Throwing
 - Level 15.0 Armour
 + Level 16.3 Dodging


You had 12 spell levels left.
You didn't know any spells.

Skill      XL: |  1  2  3  4  5  6  7  8  9 10 11 12 13 |
---------------+----------------------------------------+-----
Axes           | 8 10 12 13 15 16 17 20 21 22 | 22.4
Fighting       | 3 6 8 10 12 14 16 17 | 17.3
Armour         | 3 6 7 9 10 12 13 15 | 15.0
Dodging        | 5 7 8 10 11 12 14 15 16 | 16.3
Throwing       | |  1.7

Action                   |  1- 3 |  4- 6 |  7- 9 | 10-12 | 13-15 || total
-------------------------+-------+-------+-------+-------+-------++-------
Melee: Executioner's axe |     5 |    11 |    39 |   148 |     7 ||   210
Throw: Throwing net      |       |       |       |     1 |       ||     1
 Abil: Heal Wounds       |       |     2 |     1 |    14 |     2 ||    19
  Use: Potion            |     2 |       |       |     3 |     3 ||     8
 Stab: Invisible         |       |     6 |     2 |     9 |       ||    17
       Held in net/web   |       |       |       |     2 |       ||     2
Armor: Gold dragon scale |     8 |    25 |    41 |   238 |    29 ||   341
Dodge: Dodged            |     2 |     7 |    38 |   201 |    25 ||   273

Inventory:

Hand Weapons
 E - a +5 executioner's axe (weapon)
   (You found it in the Dungeon)
Missiles
 d - 2 throwing nets (quivered)
Armour
 c - a +0 helmet (worn)
 o - the +5 pair of boots "Lige" (worn) {rPois rC+}
   (You found it in the Dungeon)

   It protects you from cold.
   It protects you from poison.
 F - +5 gold dragon scales (worn) {23 rF+ rC+ rPois}
   (You found it in the Dungeon)
 J - a +0 cloak of magic resistance (worn) {MR+}
   (You found it in the Dungeon)
Jewellery
 u - a +6 ring of dexterity
   (You found it in the Dungeon)
 x - a +6 ring of intelligence
   (You found it in the Dungeon)
 y - a +6 ring of intelligence
   (You found it in the Dungeon)
 z - a +6 ring of strength (left hand)
   (You found it in the Dungeon)
 A - a +6 ring of strength
   (You found it in the Dungeon)
 D - a +6 ring of dexterity
   (You found it in the Dungeon)
 G - an uncursed ring of protection from cold {rC+}
   (You found it in the Dungeon)
 H - the ring "Fymou" (right hand) {rF+ Int+4 Slay+3}
   (You found it in the Dungeon)

   [ring of slaying]

   It affects your intelligence (+4).
   It affects your accuracy and damage with ranged weapons and melee attacks
   (+3).
   It protects you from fire.
 I - an uncursed ring of protection from fire {rF+}
   (You found it in the Dungeon)
Wands
 v - a wand of acid (7)
   (You found it in the Dungeon)
 B - a wand of disintegration (7)
   (You found it in the Dungeon)
 C - a wand of iceblast (7)
   (You found it in the Dungeon)
Scrolls
 b - 4 scrolls of blinking
 f - 7 scrolls of fog
 n - 4 scrolls of amnesia
 p - a scroll of holy word
 r - 5 scrolls of identify
 s - 5 scrolls of remove curse
 t - 2 scrolls of fear
Potions
 a - 2 potions of brilliance
 g - 3 potions of resistance {rF+ rC+}
 h - 5 potions of haste
 i - 7 potions of magic
 j - 2 potions of berserk rage
 l - 5 potions of agility
 m - 6 potions of might
 q - 10 potions of heal wounds
 w - 8 potions of curing
Miscellaneous
 k - 3 phantom mirrors
Comestibles
 e - 7 rations You were in the Dungeon. You worshipped Makhleb. Makhleb was exalted by your worship. You were not hungry. You visited 1 branch

Dungeon Overview and Level Annotations

Branches:
Dungeon (1/1)

Altars:
Ashenzari
Cheibriados
Dithmenos
Elyvilon
Fedhas
Gozag
Hepliaklqana
Kikubaaqudgha
Makhleb
Nemelex Xobeh
Okawaru
Qazlal
Ru
Sif Muna
Trog
Uskayaw
Vehumet
Wu Jian
Xom
Yredelemnul
Zin
The Shining One
Beogh
Jiyva
Lugonu

Annotations:
D 1 transporter

, ,
▓..[=::[=|[...▓..|[[). ,
,,▓...::):[[:...▓..=..[|
, ,
▓.............▓....... ,
▓.............▓....... ,
, ▓.............▓.......
,, ,
▓....G........▓...|.). ,
,,,
▓...JJJJ......▓..▓.... ,
, ▓..▓JJJG...▓..▓.▓▓▓...
, ,, , ▓ ▓▓@JJ..▓▓
▓..▓.... , ,
▓..▓..J....▓..▓.....©. ,
▓.....G.......▓▓▓▓▓▓▓▓ ,
▓......©......▓....8©8
,,
▓▓▓▓▓▓▓▓▓▓▓▓▓▓▓..|)})) ,
, , , ▓....):| * * ,
▓....... 8 , ,, , ,
▓....... , , * ,, ,
▓.......


You could see an acid blob, 2 slime creatures, 4 death oozes, an eye of
draining, 3 jellies, a floating eye and a golden eye.

Notes
Turn   | Place    | Note
-------+----------+-------------------------------------------
     0 | D        | Found the +6 Majin-Bo {vamp, Archmagi MP+6 Int+6}
     0 | D        | Found the +7 great mace "Firestarter" {inner flame, rF++}
     0 | D        | theanonym the Deep Dwarf Gladiator began the quest for the Orb.
     0 | D        | Reached XP level 1. HP: 19/19 MP: 1/1
     7 | D        | Found a deep blue altar of Sif Muna.
     7 | D        | Found a sacrificial altar of Ru.
     7 | D        | Found a bloodstained altar of Trog.
     7 | D        | Found a stormy altar of Qazlal.
     7 | D        | Found an iron altar of Okawaru.
     7 | D        | Found a sparkling altar of Nemelex Xobeh.
     7 | D        | Found a blossoming altar of Fedhas.
     9 | D        | Found a transporter.
     9 | D        | Found an ancient bone altar of Kikubaaqudgha.
     9 | D        | Found a viscous altar of Jiyva.
     9 | D        | Found a corrupted altar of Lugonu.
     9 | D        | Found a hazy altar of Hepliaklqana.
     9 | D        | Found a burning altar of Makhleb.
     9 | D        | Found an opulent altar of Gozag.
    26 | D        | Found the +9 heavy crossbow "Sniper" {velocity, Acc+∞ SInv}
    26 | D        | Found the +10 dark maul {crush}
    26 | D        | Found the +15 Maxwell's patent armour {-Cast -Tele rElec MR+ rCorr}
    26 | D        | Found the +18 shield of the Gong {rElec rN+ MR+ EV-5}
    26 | D        | Found the cursed +14 obsidian axe {chop, +Fly SInv *Curse}
    27 | D        | Found the +6 shillelagh "Devastator" {shatter}
    27 | D        | Found the +11 plutonium sword {*Contam Stlth-}
    27 | D        | Found the +8 lance "Wyrmbane" {slay drac, rPois rF+ rC+ AC+3}
    27 | D        | Found the +9 sword of Zonguldrok {reap}
    27 | D        | Found the cursed +13 scythe of Curses {drain, *Curse}
    27 | D        | Found the +0 sword of Power
    27 | D        | Found the -2 mace of Variability {chaos}
    27 | D        | Found the +7 Singing Sword
    27 | D        | Found the +7 longbow "Piercer" {penet, EV-2}
    44 | D        | Became a worshipper of Makhleb the Destroyer
    78 | D        | Reached skill level 8 in Axes
    78 | D        | Reached XP level 2. HP: 26/26 MP: 2/2
    80 | D        | Entered arena 2.
    80 | D        | Noticed a fire elemental
    80 | D        | Found a transporter.
    84 | D        | HP: 11/26 [fire elemental (3)]
    85 | D        | HP: 5/26 [fire elemental (4)]
    86 | D        | Killed a fire elemental
    86 | D        | Reached skill level 3 in Fighting
    86 | D        | Reached skill level 10 in Axes
    86 | D        | Reached skill level 3 in Armour
    86 | D        | Reached skill level 5 in Dodging
    86 | D        | Reached XP level 3. HP: 6/36 MP: 3/3
    86 | D        | Reached XP level 4. HP: 8/44 MP: 4/4
    86 | D        | Reached XP level 5. HP: 9/50 MP: 5/5
    94 | D        | Entered arena 3.
    94 | D        | Noticed a white ugly thing
    94 | D        | Noticed a green ugly thing
    94 | D        | Noticed a tengu
    94 | D        | a bullfrog changed into a tengu
    94 | D        | Found a transporter.
   103 | D        | Killed a tengu
   103 | D        | Reached skill level 4 in Fighting
   103 | D        | Reached skill level 11 in Axes
   103 | D        | Reached skill level 4 in Armour
   107 | D        | Killed a green ugly thing
   107 | D        | Reached * piety under Makhleb
   107 | D        | Reached skill level 6 in Fighting
   107 | D        | Reached skill level 12 in Axes
   107 | D        | Reached skill level 6 in Armour
   107 | D        | Reached skill level 7 in Dodging
   107 | D        | Reached XP level 6. HP: 34/62 MP: 6/6
   107 | D        | Reached XP level 7. HP: 38/69 MP: 7/7
   113 | D        | Killed a brown ugly thing
   113 | D        | Reached skill level 13 in Axes
   113 | D        | Reached skill level 7 in Armour
   113 | D        | Reached skill level 8 in Dodging
   113 | D        | Reached XP level 8. HP: 63/78 MP: 8/8
   123 | D        | Entered arena 4.
   123 | D        | Found a transporter.
   127 | D        | Reached ** piety under Makhleb
   129 | D        | Reached skill level 7 in Fighting
   129 | D        | Reached skill level 8 in Armour
   135 | D        | Entered arena 5.
   135 | D        | Found a transporter.
   137 | D        | Reached *** piety under Makhleb
   140 | D        | Reached skill level 9 in Dodging
   141 | D        | Reached skill level 14 in Axes
   147 | D        | Entered arena 6.
   147 | D        | Noticed a large abomination
   147 | D        | Noticed a sixfirhy
   147 | D        | Found a transporter.
   149 | D        | Reached **** piety under Makhleb
   152 | D        | Killed a large abomination
   153 | D        | Reached skill level 9 in Armour
   158 | D        | Killed a sixfirhy
   158 | D        | Reached ***** piety under Makhleb
   158 | D        | Reached skill level 8 in Fighting
   158 | D        | Reached skill level 15 in Axes
   158 | D        | Reached skill level 10 in Dodging
   158 | D        | Gained mutation: You passively map the area around you. [Deep Dwarf growth]
   158 | D        | Reached XP level 9. HP: 90/90 MP: 8/8
   166 | D        | Entered arena 7.
   166 | D        | Noticed a komodo dragon
   166 | D        | Noticed a white ugly thing
   166 | D        | Noticed a cyan ugly thing
   166 | D        | Noticed a red ugly thing
   167 | D        | Found a transporter.
   167 | D        | Gained mutation: You occasionally shout uncontrollably at your foes. [a neqoxec]
   173 | D        | Noticed a lindwurm
   173 | D        | a komodo dragon changed into a lindwurm
   174 | D        | Killed a white ugly thing
   174 | D        | Reached skill level 9 in Fighting
   174 | D        | Reached skill level 10 in Armour
   175 | D        | Killed a white ugly thing
   175 | D        | Reached skill level 16 in Axes
   180 | D        | Killed a white ugly thing
   180 | D        | Reached skill level 11 in Dodging
   181 | D        | Killed a lindwurm
   181 | D        | Reached skill level 10 in Fighting
   181 | D        | Reached XP level 10. HP: 88/102 MP: 9/9
   189 | D        | Entered arena 8.
   189 | D        | Noticed a daeva
   190 | D        | Found a transporter.
   197 | D        | Reached ****** piety under Makhleb
   199 | D        | HP: 48/103 [daeva/eudemon blade of holy wrath (12)]
   205 | D        | HP: 35/103 [daeva/divine providence (8)]
   209 | D        | Killed a daeva
   209 | D        | Reached skill level 11 in Fighting
   209 | D        | Reached skill level 17 in Axes
   209 | D        | Reached skill level 11 in Armour
   219 | D        | Entered arena 9.
   220 | D        | Found a transporter.
   230 | D        | Reached skill level 12 in Dodging
   249 | D        | Entered arena 10.
   250 | D        | Found the cursed -5 robe of Misfortune {-Cast *Contam *Tele *Drain EV-5 Stlth-- *Curse}
   250 | D        | Found a transporter.
   267 | D        | Entered arena 11.
   267 | D        | Noticed a spriggan rider
   268 | D        | Found a transporter.
   272 | D        | Reached skill level 12 in Fighting
   275 | D        | Reached skill level 12 in Armour
   278 | D        | Killed a spriggan rider
   278 | D        | Reached XP level 11. HP: 114/114 MP: 8/8
   278 | D        | Reached skill level 18 in Axes
   296 | D        | Got the ring "Fymou" {rF+ Int+4 Slay+3}
   303 | D        | Entered arena 12.
   303 | D        | Noticed a balrug
   305 | D        | Found a transporter.
   309 | D        | HP: 55/115 [balrug/demon whip of venom (5)]
   311 | D        | Reached skill level 13 in Dodging
   314 | D        | HP: 57/116 [balrug/demon whip of venom (5)]
   319 | D        | HP: 38/116 [balrug/bolt of fire (2)]
   320 | D        | Killed a balrug
   320 | D        | Reached skill level 13 in Fighting
   338 | D        | Entered arena 13.
   339 | D        | Noticed a flayed ghost
   341 | D        | Found a transporter.
   352 | D        | Killed a flayed ghost
   352 | D        | Reached skill level 19 in Axes
   352 | D        | Reached skill level 13 in Armour
   362 | D        | Entered arena 14.
   363 | D        | Noticed a vault guard
   363 | D        | Noticed a vault guard
   363 | D        | Noticed a stone giant
   363 | D        | Noticed a stone giant
   363 | D        | Noticed a vault guard
   364 | D        | Noticed a shadow dragon
   364 | D        | Noticed a vault guard
   364 | D        | Noticed a vault guard
   364 | D        | Noticed a vault guard
   364 | D        | Noticed a vault guard
   364 | D        | Noticed a vault guard
   365 | D        | Found a transporter.
   369 | D        | Killed a vault guard
   370 | D        | Killed a vault guard
   372 | D        | Killed a vault guard
   376 | D        | Killed a vault guard
   376 | D        | Reached skill level 14 in Fighting
   377 | D        | Killed a vault guard
   377 | D        | Reached skill level 14 in Dodging
   379 | D        | Killed a shadow dragon
   379 | D        | Reached skill level 20 in Axes
   379 | D        | Reached XP level 12. HP: 129/129 MP: 9/9
   381 | D        | Killed a stone giant
   383 | D        | Killed a stone giant
   383 | D        | Reached skill level 14 in Armour
   385 | D        | Killed a vault guard
   385 | D        | Reached skill level 15 in Fighting
   386 | D        | Killed a vault guard
   387 | D        | Killed a vault guard
   394 | D        | Entered arena 15.
   395 | D        | Noticed an orc warlord
   398 | D        | Noticed a stone giant
   409 | D        | HP: 58/132 [stone giant (23)]
   410 | D        | Killed an orc warlord
   410 | D        | Reached skill level 21 in Axes
   410 | D        | Reached skill level 15 in Dodging
   411 | D        | HP: 27/133 [stone giant (10)]
   414 | D        | HP: 13/133 [orc knight/long sword (5)]
   416 | D        | Killed a stone giant
   418 | D        | Reached skill level 16 in Fighting
   419 | D        | HP: 15/133 [orc knight/long sword (1)]
   425 | D        | Reached skill level 15 in Armour
   431 | D        | Found a transporter.
   438 | D        | Got the +5 pair of boots "Lige" {rPois rC+}
   446 | D        | Entered arena 16.
   447 | D        | Noticed a greater mummy
   449 | D        | Noticed a death scarab
   449 | D        | Found a transporter.
   455 | D        | Killed a death scarab
   457 | D        | HP: 51/131 [??? (45)]
   462 | D        | HP: 59/132 [ushabti] (5)]
   463 | D        | Reached XP level 13. HP: 68/140 MP: 0/8
   466 | D        | Killed a greater mummy
   466 | D        | Reached skill level 17 in Fighting
   466 | D        | Reached skill level 22 in Axes
   466 | D        | Reached skill level 16 in Dodging
   466 | D        | Noticed a reaper
   479 | D        | Entered arena 17.
   482 | D        | Noticed a death ooze
   482 | D        | Noticed a death ooze
   482 | D        | Noticed an acid blob
   483 | D        | Noticed a death ooze
   483 | D        | Noticed a death ooze
   483 | D        | Noticed a death ooze
   485 | D        | Found a transporter.
   485 | D        | Paralysed by a floating eye for 2 turns
   493 | D        | Killed a death ooze
   493 | D        | Paralysed by a floating eye for 4 turns
   495 | D        | HP: 65/143 [death ooze (12)]
   496 | D        | HP: 32/143 [death ooze (11)]
   496 | D        | HP: 15/142 [acid blob (8)]
   496 | D        | HP: 3/142 [death ooze (9)]
   496 | D        | Slain by a slime creature

Vanquished Creatures
  A greater mummy (D)
  A shadow dragon (D)
  A daeva (D)
  A balrug (D)
  An orc warlord (D)
  3 stone giants (D)
  A death ooze (D)
  7 vault guards (D)
  A death scarab (D)
  A sixfirhy (D)
  A flayed ghost (D)
  A lindwurm (shapeshifter) (D)
  2 orc knights (D)
  5 ugly things (D)
  A cyclops (D)
  An orc sorcerer (D)
  A large abomination (D)
  A yaktaur (D)
  A hellion (D)
  2 tormentors (D)
  5 guardian mummies (D)
  A red devil (D)
  4 merfolk (D)
  A hornet (D)
  2 hippogriffs (D)
  2 ushabtiu (D)
  3 flying skulls (D)
  3 spriggans (D)
  A wraith (D)
  3 shadows (D)
  A fire elemental (D)
  A neqoxec (D)
  3 wargs (D)
  A hell hound (D)
  4 orc warriors (D)
  6 black bears (D)
  2 necrophages (D)
  A phantom (D)
  2 tengu (shapeshifter) (D)
  A centaur (D)
  2 wights (D)
  A crimson imp (D)
  4 iron imps (D)
  A jelly (D)
  2 orc priests (D)
  3 orc wizards (D)
  3 mummies (D)
  3 ufetubi (D)
  An adder skeleton (D)
  2 adder zombies (D)
  3 orcs (D)
  A bat skeleton (D)
  3 bat zombies (D)
  A ball python skeleton (D)
  A giant cockroach zombie (D)
  A leopard gecko skeleton (D)
  2 quokka skeletons (D)
115 creatures vanquished.

Vanquished Creatures (others)
  A vault guard (D)
  A fire vortex (D)
2 creatures vanquished.

Grand Total: 117 creatures vanquished

Table legend:
 A = Turns spent in this place as a percentage of turns spent in the entire game.
 B = Non-inter-level travel turns spent in this place as a percentage of non-inter-level travel turns spent in the entire game.
 C = Inter-level travel turns spent in this place as a percentage of turns spent in this place.
 D = Turns resting spent in this place as a percentage of non-inter-level travel turns spent in this place.
 E = Turns spent auto-exploring this place as a percentage of non-inter-level travel turns spent in this place.
 F = Non-inter-level travel turns spent in this place divided by the number of levels of this place that you've seen.
                   A       B       C       D       E      F
               +-------+-------+-------+-------+-------+----------------------
         Total | 100.0 | 100.0 |   0.0 |   0.0 |   3.6 | 496.0
       Dungeon | 100.0 | 100.0 |   0.0 |   0.0 |   3.6 | 496.0
               +-------+-------+-------+-------+-------+----------------------
